FIQ, neutral male scurrid Tourist ----.--------- -........$...| |............| ...r......B.B| -------------- FIQ the Rambler Experience level: 1 Strength: 12 Dexterity: 12 Constitution: 14 Intelligence: 16 Wisdom: 7 Charisma: 17 Health: 9(9) Energy: 2(2) Def: 0 Gold: 542 Moves: 22 Dungeon seed: A1ioVhRealzqjdz2 Game ID: FIQ_1498603439 Your Inventory: Coins $ - 542 gold pieces Weapons a - 52 uncursed +2 darts (in quiver) Armor e - an uncursed +0 Hawaiian shirt (being worn) Comestibles b - an uncursed tripe ration c - an uncursed chestnut d - an uncursed candy bar f - an uncursed cram ration g - an uncursed sprig of wolfsbane h - an uncursed pancake i - 2 uncursed food rations j - an uncursed tin of jackal meat k - 2 uncursed eggs Scrolls m - 2 uncursed scrolls of magic mapping n - 2 blessed scrolls of magic mapping Potions l - 2 uncursed potions of extra healing Wands q - an uncursed wand of secret door detection (0:13) Tools o - an uncursed expensive camera (0:95) p - an uncursed credit card r - an uncursed towel Spells and supernatural/magical abilities: Name Level Category Fail Memory W - pray for help -- divine ? -- Your skills at the end: Miscellaneous Skills wands [Basic] Weapon Skills dart [Basic] Spellcasting Skills Final Attributes: You were devoutly aligned. You had infravision. You were very stealthy. You survived. Voluntary challenges: You went without food. You did not adorn yourself with jewelry or accessories. You did not cause conflict. You were not invisible. You did not have reflection. You were not displaced. You were an atheist. You never hit with a wielded weapon. You were a pacifist. You did not use tools. You did not use plumbed fixtures. You did not drink any magical draughts. You were illiterate. You never genocided any monsters. You never polymorphed an object. You never changed form. You used no wishes. You never split a pudding. You never wrote Elbereth's name. You never violated your personal moral code. Dungeon overview: The Dungeons of Doom: levels 1 to 10 Level 1 a fountain a long staircase Level 2 Level 3 Level 4 Level 5 Level 6 Level 7 a fountain Level 8 Level 9 Level 10 <- You were here History has recorded: On T:1 you entered the Dungeons of Doom to retrieve the Amulet of Yendor! On T:4 you reached level 2 of The Dungeons of Doom. On T:6 you reached level 3 of The Dungeons of Doom. On T:8 you reached level 4 of The Dungeons of Doom. On T:10 you reached level 5 of The Dungeons of Doom. On T:13 you reached level 6 of The Dungeons of Doom. On T:15 you reached level 7 of The Dungeons of Doom. On T:17 you reached level 8 of The Dungeons of Doom. On T:19 you reached level 9 of The Dungeons of Doom. On T:22 you reached level 10 of The Dungeons of Doom. Score breakdown: Gold: 0 ( 0 points) Experience: 1 level ( 0 points) Exploration: 10 levels ( 270 points) Discoveries: 0 items ( 0 points) Variety of kills: 0 monsters ( 0 points) Major goal: (nothing yet) ( 0 points) Survival: quit (score multiplied by 3) Total score: 810 Latest messages: You dig a hole through the floor. You fall through... You start digging downward. You continue digging downward. You dig a pit in the floor. You continue digging downward. You dig a hole through the floor. You fall through... You start digging downward. You continue digging downward. You dig a pit in the floor. You continue digging downward. You dig a hole through the floor. You fall through... You start digging downward. You continue digging downward. You dig a pit in the floor. You continue digging downward. You dig a hole through the floor. You fall through... You start digging downward. You continue digging downward. You dig a pit in the floor. You continue digging downward. You dig a hole through the floor. You fall through... That command is only available in debug mode. Final status: Aloha FIQ the Tourist, quit... You quit in The Dungeons of Doom on dungeon level 10 with 810 points, and 542 pieces of gold, after 22 moves. You were level 1 with a maximum of 9 hit points when you quit.